 Dungeon Crawl Stone Soup version 0.30-a0-365-ge7f957f1db (webtiles) character file.

Game seed: 5824073564216245543

14119 horus123 the Destroyer (level 11, -16/63 HPs)
             Began as a Deep Elf Conjurer on Aug 3, 2022.
             Was an Elder of Qazlal.
             Demolished by an enormous slime creature (78 damage)
             ... on level 12 of the Dungeon on Nov 17, 2022.
             The game lasted 00:46:41 (13422 turns).

horus123 the Destroyer (Deep Elf Conjurer)         Turns: 13422, Time: 00:46:41

Health: -16/63     AC: 11    Str:  4    XL:     11   Next: 84%
Magic:  10/27      EV: 16    Int: 28    God:    Qazlal [****..]
Gold:   521        SH:  5    Dex: 13    Spells: 2/30 levels left

rFire   . . .      SeeInvis +    K - +9 halberd of Analysis {freeze, SInv}
rCold   . . .      Faith    .    (shield currently unavailable)
rNeg    . . .      Spirit   .    a - +1 robe
rPois   .          Reflect  .    z - +1 helmet
rElec   .          Harm     .    (no cloak)
rCorr   .          Rampage  .    E - +1 pair of gloves {infuse}
Will    +....                    (no boots)
Stlth   +.........               c - amulet of regeneration
HPRegen 1.10/turn                L - +4 ring of evasion
MPRegen 0.20/turn                l - +4 ring of protection

@: freezing walls, repel missiles
A: no striking features
a: Renounce Religion, Upheaval, Elemental Force


You were on level 12 of the Dungeon.
You worshipped Qazlal.
Qazlal was greatly pleased with you.
You visited 1 branch of the dungeon, and saw 13 of its levels.

You collected 521 gold pieces.

Inventory:

Hand Weapons
 j - a +3 dagger of protection
 p - a +2 dagger of freezing
 C - a +3 short sword of flaming
 D - a +2 long sword
 K - the +9 halberd of Analysis (weapon) {freeze, SInv}
   (You took it off a kobold brigand on level 8 of the Dungeon)

   It freezes those it strikes, dealing additional cold damage.
   It can also slow down cold-blooded creatures.
   SInv:      It lets you see invisible.
Missiles
 A - 3 throwing nets
Armour
 a - a +1 robe (worn)
 u - a +0 pair of gloves
 z - a +1 helmet (worn)
 E - a +1 pair of gloves of infusion (worn)
 N - a +0 troll leather armour
 R - +0 acid dragon scales
Jewellery
 c - an amulet of regeneration (around neck)
 g - a ring of positive energy
 k - a ring of poison resistance
 l - a +4 ring of protection (right hand)
 q - a ring of flight
 L - a +4 ring of evasion (left hand)
 Q - an amulet of faith
Wands
 n - a wand of flame (12)
 y - a wand of charming (3)
 H - a wand of iceblast (10)
 I - a wand of acid (4)
 J - a wand of digging (5)
 M - a wand of mindburst (15)
 U - a wand of polymorph (5)
Scrolls
 d - a scroll of teleportation
 o - 2 scrolls of immolation {unknown}
 t - a scroll of torment
 w - 3 scrolls of noise
 F - 3 scrolls of identify
 G - 3 scrolls of vulnerability {unknown}
 O - a scroll of magic mapping {unknown}
 P - a scroll of poison {unknown}
 V - a scroll of silence
Potions
 b - a potion of haste
 e - 3 potions of mutation
 f - 4 potions of brilliance
 h - 3 potions of might
 i - 2 potions of lignification
 m - 4 potions of curing
 r - a potion of ambrosia {unknown}
 s - a potion of degeneration {unknown}
 v - 2 potions of flight {unknown}
 x - 2 potions of heal wounds
 B - a potion of attraction {unknown}
 S - 2 potions of resistance {unknown}
 T - a potion of magic


   Skills:
 - Level 5.0 Fighting
 - Level 2.4 Dodging
 - Level 2.4 Stealth
 - Level 10.1 Spellcasting
 - Level 12.0 Conjurations
 - Level 7.0 Hexes
 * Level 4.4 Summonings
 - Level 5.0 Translocations
 - Level 7.0 Ice Magic
 - Level 9.0 Invocations


You had 2 spell levels left.
You knew the following spells:

 Your Spells              Type           Power      Damage    Failure   Level
a - Magic Dart            Conj           100%       1d8       1%          1
b - Searing Ray           Conj           100%       2d8       1%          2
c - Dazzling Flash        Conj/Hex       100%       N/A       1%          3
d - Fulminant Prism       Conj/Hex       30%        3d15      1%          4
e - Iskenderun's Mystic   Conj/Tloc      58%        2d12      1%          4
f - Frozen Ramparts       Ice            100%       1d16      1%          3
g - Spellforged Servitor  Conj/Summ      28%        N/A       75%         7
h - Summon Ice Beast      Ice/Summ       46%        N/A       3%          4

Your spell library contained the following spells:

 Spells                   Type           Power      Damage    Failure   Level
 Sublimation of Blood     Necr           14%        N/A       6%          2
 Call Canine Familiar     Summ           38%        N/A       1%          3
 Ice Form                 Ice/Tmut       33%        N/A       10%         4
 Irradiate                Conj/Tmut      23%        3d19      10%         5
 Petrify                  Tmut/Erth      14%        N/A       36%         4
 Summon Cactus Giant      Summ           19%        N/A       69%         6


Dungeon Overview and Level Annotations

Branches:
Dungeon (13/15)            Temple (0/1) D:5            Lair (0/5) D:10
    Orc: D:9-12      Vaults: D:13-14

Altars:
Cheibriados
Hepliaklqana
Kikubaaqudgha
Makhleb
Qazlal
Trog
Uskayaw
Vehumet
Yredelemnul
Zin
The Shining One

Annotations:
D:3 exclusion: statue
D:8 1 exclusion


Message History

You finish channelling your searing ray.
The wall freezes the two-headed ogre.
Casting: Searing Ray (safe; 1% risk of failure)
Confirm with . or Enter, or press ? or * to list all spells.
You erupt in a blast of force!
The mystic blast hits the two-headed ogre!!
The two-headed ogre is severely wounded.
The two-headed ogre is knocked back by the mystic blast.
The two-headed ogre collides with the two-headed ogre!
The two-headed ogre is moderately wounded.
The two-headed ogre is severely wounded.
The mystic blast hits the enormous slime creature.
The enormous slime creature is heavily wounded.
The enormous slime creature is knocked back by the mystic blast.
The enormous slime creature collides with the two-headed ogre!
The two-headed ogre is almost dead.
The enormous slime creature is severely wounded.
The ogre mage gestures wildly while chanting.
The ogre mage flickers and vanishes for a moment.
Casting: Iskenderun's Mystic Blast (dangerous; 1% risk of failure)
Confirm with . or Enter, or press ? or * to list all spells.
Aiming: Fulminant Prism (dangerous; 1% risk of failure)
Press: ? - help, Dir - move target, p - enormous slime creature Out of range.
Okay, then.
The magic dart hits the enormous slime creature!
The enormous slime creature is severely wounded.
The wall freezes the two-headed ogre.
You reach to attack!
You puncture the enormous slime creature!
You freeze the enormous slime creature.
The enormous slime creature is severely wounded.
The wall freezes the enormous slime creature!
The wall freezes the two-headed ogre!
You kill the two-headed ogre!
Qazlal accepts your kill.
The wall freezes the enormous slime creature!
The enormous slime creature hits you!!!!
Ouch! That really hurt!
You die...

# .. #. #.O #...
#..##### #
###.....########)#
#........OO)?J@.)#
#........O########
#.........#
+......J..#
#...>.....#
#.........#
#.........#
#.........#


You could see an enormous slime creature, 2 two-headed ogres and an ogre mage
(invisible).

Vanquished Creatures
  6 two-headed ogres
  A centaur warrior (D:12)
  Amaemon (D:8)
  An orc sorcerer (D:11)
  A cyclops (D:11)
  Joseph (D:10)
  An orange demon (D:8)
  3 trolls
  2 hornets
  Grinder (D:4)
  A shadow (D:9)
  A wyvern (D:9)
  11 yaks
  A wraith (D:10)
  2 steam dragons (D:8)
  3 wargs (D:10)
  4 acid dragons
  A water moccasin (D:6)
  5 orc warriors
  A black bear (D:5)
  2 sky beasts
  2 ogres (D:5)
  4 centaurs
  2 phantoms
  6 kobold brigands
  2 necrophages
  2 bullfrogs
  A gnoll sergeant (D:9)
  3 scorpions
  8 wights
  4 howler monkeys
  3 hounds
  A jelly (D:4)
  12 orc priests
  A gnoll bouda (D:7)
  Ijyb (D:3)
  Terence (D:3)
  11 orc wizards
  Robin (D:2)
  15 gnolls
  8 adders
  A shadow imp (D:7)
  2 white imps (D:5)
  2 ufetubi (D:4)
  3 worms
  3 dart slugs
  40 orcs
  9 ball pythons
  6 endoplasms
  6 giant cockroaches
  23 goblins
  13 hobgoblins
  3 jackals (D:1)
  2 quokkas
  2 bats
  3 frilled lizards
  32 kobolds
  6 rats
  A spectral goblin (D:8)
295 creatures vanquished.

Vanquished Creatures (others)
  A wizard (D:11)
  5 fulminant prisms
  A plant (D:4)
7 creatures vanquished.

Grand Total: 302 creatures vanquished

Notes
Turn   | Place    | Note
-------+----------+-------------------------------------------
     0 | D:1      | horus123 the Deep Elf Conjurer began the quest for the Orb.
     0 | D:1      | Reached XP level 1. HP: 10/10 MP: 6/6
   328 | D:1      | Reached XP level 2. HP: 15/15 MP: 3/9
   331 | D:1      | Learned a level 2 spell: Searing Ray
   772 | D:1      | Reached skill level 5 in Conjurations
   802 | D:1      | Reached XP level 3. HP: 19/19 MP: 8/10
   815 | D:1      | Learned a level 3 spell: Dazzling Flash
  1043 | D:1      | Found a faded altar of an unknown god.
  1323 | D:1      | Reached skill level 1 in Hexes
  1627 | D:2      | Noticed Robin
  1635 | D:2      | Killed Robin
  1658 | D:2      | Reached XP level 4. HP: 24/24 MP: 3/12
  1829 | D:2      | Learned a level 4 spell: Fulminant Prism
  2459 | D:2      | Found a stormy altar of Qazlal.
  2468 | D:2      | Became a worshipper of Qazlal Stormbringer
  2796 | D:2      | Reached skill level 5 in Hexes
  2796 | D:2      | Reached XP level 5. HP: 26/28 MP: 4/13
  3221 | D:3      | Found a radiant altar of Vehumet.
  3221 | D:3      | Noticed a charred statue
  3313 | D:3      | Noticed Ijyb
  3327 | D:3      | Killed Ijyb
  3429 | D:3      | Found a bloodstained altar of Trog.
  3429 | D:3      | Found a snail-covered altar of Cheibriados.
  3450 | D:3      | Reached XP level 6. HP: 32/32 MP: 3/14
  3450 | D:3      | Reached * piety under Qazlal
  3620 | D:3      | Found a burning altar of Makhleb.
  3638 | D:3      | Noticed Terence
  3645 | D:3      | Killed Terence
  4183 | D:4      | Reached skill level 5 in Spellcasting
  4336 | D:4      | Noticed Grinder
  4341 | D:4      | Paralysed by Grinder for 4 turns
  4349 | D:4      | Killed Grinder
  4350 | D:4      | Reached XP level 7. HP: 18/36 MP: 5/20
  4870 | D:4      | Found a glowing golden altar of the Shining One.
  5304 | D:5      | Entered Level 5 of the Dungeon
  5449 | D:5      | Learned a level 4 spell: Iskenderun's Mystic Blast
  5584 | D:5      | Found a staircase to the Ecumenical Temple.
  5623 | D:5      | Reached skill level 10 in Spellcasting
  5623 | D:5      | Reached XP level 8. HP: 41/41 MP: 16/24
  5701 | D:5      | Found a basalt altar of Yredelemnul.
  5884 | D:5      | Reached ** piety under Qazlal
  5889 | D:5      | Reached skill level 6 in Conjurations
  6563 | D:6      | Reached skill level 7 in Conjurations
  6871 | D:6      | Reached skill level 8 in Conjurations
  6987 | D:6      | Found a hide-covered altar of Uskayaw.
  7180 | D:6      | Reached skill level 9 in Conjurations
  7342 | D:7      | Noticed a hornet
  7345 | D:7      | Reached XP level 9. HP: 45/45 MP: 16/25
  7631 | D:7      | Reached skill level 10 in Conjurations
  7959 | D:7      | Found a glowing silver altar of Zin.
  8501 | D:8      | Reached skill level 11 in Conjurations
  8634 | D:8      | Reached *** piety under Qazlal
  8742 | D:8      | Found an ancient bone altar of Kikubaaqudgha.
  8867 | D:8      | Noticed Amaemon
  8869 | D:8      | Noticed an orange demon
  8876 | D:8      | Killed an orange demon
  8882 | D:8      | Killed Amaemon
  8883 | D:8      | Reached skill level 12 in Conjurations
  9135 | D:8      | Reached skill level 5 in Translocations
  9135 | D:8      | Reached XP level 10. HP: 50/50 MP: 13/26
  9388 | D:8      | Reached skill level 1 in Invocations
  9502 | D:8      | Identified the +9 halberd of Analysis {freeze, SInv}
  9904 | D:8      | Found a hazy altar of Hepliaklqana.
 10007 | D:9      | Reached skill level 5 in Invocations
 10491 | D:9      | Noticed a two-headed ogre
 10504 | D:9      | Killed a two-headed ogre
 11314 | D:9      | Upgraded the game from 0.29-a0-994-gc5c9f59d18 to
                  | 0.30-a0-365-ge7f957f1db
 11342 | D:10     | Entered Level 10 of the Dungeon
 11352 | D:10     | Reached skill level 1 in Fighting
 11359 | D:10     | Reached XP level 11. HP: 56/58 MP: 1/27
 11362 | D:10     | Noticed a two-headed ogre
 11600 | D:10     | Killed a two-headed ogre
 12094 | D:10     | Noticed Joseph
 12096 | D:10     | Reached **** piety under Qazlal
 12108 | D:10     | Killed Joseph
 12260 | D:10     | Reached skill level 5 in Fighting
 12347 | D:10     | Found a staircase to the Lair.
 12350 | D:10     | Reached skill level 1 in Ice Magic
 12829 | D:11     | Found a snail-covered altar of Cheibriados.
 12982 | D:11     | Noticed a wizard
 12995 | D:11     | Learned a level 3 spell: Frozen Ramparts
 12996 | D:11     | Killed a wizard
 12999 | D:11     | Noticed an orc sorcerer
 13009 | D:11     | Killed an orc sorcerer
 13010 | D:11     | Reached skill level 5 in Ice Magic
 13067 | D:11     | Noticed a two-headed ogre
 13081 | D:11     | Killed a two-headed ogre
 13082 | D:11     | Got the Discourse on the Swarm
 13090 | D:11     | Noticed a two-headed ogre
 13142 | D:11     | Killed a two-headed ogre
 13370 | D:11     | Learned a level 7 spell: Spellforged Servitor
 13375 | D:11     | Learned a level 4 spell: Summon Ice Beast
 13393 | D:11     | You fall into a shaft and drop 2 floors!
 13402 | D:12     | Noticed a two-headed ogre
 13403 | D:12     | Noticed a two-headed ogre
 13405 | D:12     | Noticed a two-headed ogre
 13407 | D:12     | Noticed an ogre mage
 13410 | D:12     | Noticed a centaur warrior
 13413 | D:12     | Noticed a two-headed ogre
 13414 | D:12     | Noticed a two-headed ogre
 13415 | D:12     | Killed a centaur warrior
 13416 | D:12     | Killed a two-headed ogre
 13422 | D:12     | Killed a two-headed ogre
 13422 | D:12     | Demolished by an enormous slime creature

Illustrated notes

Levels and vault maps discovered:
D:1:      saegor_arrival_simple_e, layout_basic,
          hellmonk_ecumenical_altar_heavens_door
D:2:      layout_loops_cross, basic_altar, uniq_robin
D:3:      layout_basic, vehumet_statue, mainiacjoe_overflow_surrounded_room,
          mainiacjoe_overflow_big_doors, grunt_ministairs_13, uniq_terence,
          uniq_ijyb
D:4:      layout_basic, tso_oasis_becter, uniq_grinder
D:5:      layout_gridville, lemuel_tele_altar, minmay_temple_entry_fiery,
          st_stairs_11
D:6:      layout_basic, nicolae_uskayaw_dance_studio
D:7:      layout_loops_ring, zin_scriptorium
D:8:      layout_basic, nicolae_hepliaklqana_monster_ancestors,
          marbit_many_paths, enter_bailey_2, uniq_amaemon
D:9:      layout_cross, minmay_misc_feat_alley, roderic_serpentine_path,
          reono_crystal_passage, minmay_misc_feat_five
D:10:     layout_irregular_city, erik_lair_orcish_takeover, uniq_joseph
D:11:     cheibrodos_wizards_tower, layout_basic, slow_altar_2
D:12:     layout_roguey, zombieorc2_lemuel, uniq_nessos, uniq_maurice
D:13:     layout_roguey, david_vaults_4, serial_bayou_crossing, uniq_sonja

Skill      XL: |  1  2  3  4  5  6  7  8  9 10 11 |
---------------+----------------------------------+-----
Spellcasting   | 4 7 10 | 10.1
Conjurations   | 5 9 12 | 12.0
Hexes          | 2 5 6 7 |  7.0
Translocations | 5 |  5.0
Invocations    | 9 |  9.0
Fighting       | 2 5 |  5.0
Ice Magic      | 7 |  7.0
Summonings     | 4 |  4.4
Dodging        | |  2.4
Stealth        | |  2.4

Action                   |  1- 3 |  4- 6 |  7- 9 | 10-12 || total
-------------------------+-------+-------+-------+-------++-------
Melee: Dagger            |     1 |     3 |       |       ||     4
       Long sword        |       |       |     1 |     1 ||     2
       Halberd           |       |       |       |   103 ||   103
 Cast: Magic Dart        |    71 |    83 |   156 |   108 ||   418
       Searing Ray       |     4 |    18 |    44 |    32 ||    98
       Fulminant Prism   |       |     1 |     2 |     2 ||     5
       Iskenderun's Myst |       |       |    15 |    35 ||    50
       Frozen Ramparts   |       |       |       |     2 ||     2
  Use: Scroll            |     3 |     4 |     6 |       ||    13
       Potion            |     1 |       |     1 |     1 ||     3
Armor: Robe              |     6 |    20 |    26 |    45 ||    97
Dodge: Dodged            |     7 |    28 |    59 |   105 ||   199
Block: Other             |       |       |     9 |    34 ||    43

Table legend: (Time is in decaauts)
 A = Elapsed time spent in this place.
 B = Non-inter-level travel time spent in this place.
 C = Inter-level travel time spent in this place.
 D = Time resting spent in this place.
 E = Time spent auto-exploring this place.
 F = Levels seen in this place.
 G = Mean time per level.
                   A        B        C        D        E       F      G
               +--------+--------+--------+--------+--------+-----+--------+
         Total |  13478 |  13178 |    300 |   1927 |   9365 |  13 | 1036.8 |
       Dungeon |  13478 |  13178 |    300 |   1927 |   9365 |  13 | 1036.8 |
               +--------+--------+--------+--------+--------+-----+--------+

Top non-repeatable levels by time:
     D:9: 1581 daAuts
     D:8: 1577 daAuts
     D:1: 1485 daAuts
     D:2: 1460 daAuts
     D:4: 1420 daAuts
    D:10: 1168 daAuts
     D:7: 1093 daAuts
     D:5: 1029 daAuts
     D:6: 1002 daAuts
     D:3: 938 daAuts
    D:11: 691 daAuts
    D:12: 20 daAuts
    D:13: 8 daAuts
